 Dungeon Sprint DCSS version 0.17-a0-18-gc25b939 (webtiles) character file.

19259 BluebellGnoll the Acrobat (level 12, -23/62 HPs)
             Began as a Spriggan Enchanter on Mar 12, 2015.
             Was the Champion of Vehumet.
             Annihilated by a shambling mangrove (30 damage)
             ... in the Dungeon (Sprint IX: "|||||||||||||||||||||||||||||").
             The game lasted 00:29:27 (3038 turns).

BluebellGnoll the Acrobat (Spriggan Enchanter)      Turns: 3038, Time: 00:29:27

Health: -23/62     AC:  6    Str:  4    XL:     12   Next: 35%
Magic:  25/36      EV: 25    Int: 29    God:    Vehumet [******]
Gold:   344        SH:  0    Dex: 16    Spells: 10 memorised, 4 levels left

rFire  . . .     SeeInvis +     q - +4 rapier (drain)
rCold  . . .     Clarity  .     I - +2 robe of the Hall of Blades {Int+4 Slay+5}
rNeg   . . .     SustAb   .     (shield restricted)
rPois  +         Gourm    .     (helmet restricted)
rElec  .         Spirit   .     b - +1 cloak
rCorr  .         Warding  .     (gloves unavailable)
rMut   .         NoTele   +     (boots unavailable)
MR     ++...                    (no amulet)
Stlth  +++++++++.               L - ring of poison resistance
                                a - +3 ring of intelligence

@: grasped by roots, drained, quick, very resistant to hostile enchantments,
incredibly stealthy
A: unfitting armour, see invisible, herbivore 3, speed 3, slow metabolism 2
a: Renounce Religion


You were in the Dungeon.
You worshipped Vehumet.
Vehumet was exalted by your worship.
You were very full.

You visited 1 branch You collected 1874 gold pieces.
You spent 1530 gold pieces at shops.

Inventory:

Hand weapons
 q - a +4 rapier of draining (weapon)
 E - the +8 hand crossbow of the Red Skies {velocity, rF+ MR+ Str-2 Dex+7 Stlth-}
   (You bought it in a shop in the Dungeon)

   Any bolt fired from it inflicts extra damage.
   It affects your strength (-2).
   It affects your dexterity (+7).
   It protects you from fire.
   It affects your resistance to hostile enchantments.
   It makes you less stealthy.
 F - the +5 shortbow "Impbane" {venom, rElec rC+ MR++ Dex-5}
   (You bought it in a shop in the Dungeon)

   It poisons the ammo it fires.
   It affects your dexterity (-5).
   It protects you from cold.
   It insulates you from electricity.
   It affects your resistance to hostile enchantments.
Missiles
 z - a throwing net (quivered)
 B - 14 arrows of flame
 K - 23 arrows
Armour
 b - a +1 cloak (worn)
 I - the +2 robe of the Hall of Blades (worn) {Int+4 Slay+5}
   (You found it in the Dungeon)

   It affects your intelligence (+4).
   It affects your accuracy and damage with ranged weapons and melee attacks
   (+5).
Magical staves
 o - an uncursed staff of energy
Jewellery
 a - a +3 ring of intelligence (left hand)
 k - an uncursed ring of fire
 r - a +3 ring of dexterity
 G - an uncursed ring of ice
 H - an uncursed ring of protection from cold
 L - a ring of poison resistance (right hand)
Magical devices
 n - a wand of draining (5)
Scrolls
 j - 3 scrolls of blinking
 l - 3 scrolls of remove curse
 m - 3 scrolls of amnesia
 u - a scroll of recharging
 v - a scroll of identify
 w - a scroll of fog
 y - 4 scrolls of enchant armour
 J - a scroll of fear
Potions
 e - 6 potions of curing
 f - 11 potions of heal wounds
 g - a potion of invisibility
 h - 4 potions of magic
 i - 3 potions of berserk rage
 p - a potion of agility
 s - a potion of might
 C - 2 potions of brilliance
 D - a potion of haste
Books
 c - a book of Maledictions

   Spells                             Type                      Level
   a - Corona                         Hexes                        1
   b - Sure Blade                     Hexes/Charms                 2
   c - Ensorcelled Hibernation        Hexes/Ice                    2
   d - Confuse                        Hexes                        3
   e - Dazzling Spray                 Conjuration/Hexes            3
   f - Enslavement                    Hexes                        4
Miscellaneous
 t - a stone of tremors (inert)
 A - a fan of gales
Comestibles
 d - 13 bread rations
 x - 32 fruits


   Skills:
 - Level 6.6(6.5) Fighting
 - Level 10.6(10.5) Short Blades
 - Level 25.4(25.3) Dodging
 - Level 20.9(20.8) Stealth
 + Level 14.2(14.1) Spellcasting
 - Level 10.4(10.3) Hexes
 - Level 6.6(6.5) Air Magic


You had 4 spell levels left.
You knew the following spells:

 Your Spells              Type           Power        Failure   Level  Hunger
a - Corona                Hex            ######.      1%          1    None
b - Ensorcelled Hibernat  Hex/Ice        ######       1%          2    None
c - Confuse               Hex            ######..     1%          3    None
d - Sure Blade            Hex/Chrm       ######....   1%          2    None
e - Dazzling Spray        Conj/Hex       ######..     1%          3    None
f - Enslavement           Hex            ######..     1%          4    None
g - Mephitic Cloud        Conj/Pois/Air  ####....     1%          3    None
h - Lightning Bolt        Conj/Air       #####.....   5%          5    None
i - Bolt of Fire          Conj/Fire      ###.......   89%         6    ####...
j - Poisonous Cloud       Conj/Pois/Air  ####......   63%         6    ####...


Dungeon Overview and Level Annotations

Branches:
Dungeon (1/1)

Altars:
Cheibriados
Dithmenos
Elyvilon
Fedhas
Gozag
Kikubaaqudgha
Makhleb
Nemelex Xobeh
Okawaru
Qazlal
Ru
Sif Muna
Trog
Vehumet
Xom
Yredelemnul
Zin
The Shining One
Beogh
Jiyva
Lugonu

Shops:
D *[}(


Innate Abilities, Weirdness & Mutations

You are tiny and cannot use many weapons and most armour.
You have supernaturally acute eyesight.
You are a herbivore.
You cover ground extremely quickly.
You need consume almost no food.


Message History

Confirm with . or Enter, or press ? or * to list all spells.
Aiming: Dazzling Spray
Press: ? - help, Shift-Dir - straight line, f/p - shambling mangrove
Aim: a shambling mangrove (severely damaged)
The spray of energy hits the shambling mangrove.
The shambling mangrove is severely damaged.
You are engulfed in ghostly flame.
* * * LOW HITPOINT WARNING * * *
The shambling mangrove closely misses you.
Casting: Dazzling Spray
Confirm with . or Enter, or press ? or * to list all spells.
Aiming: Dazzling Spray
Press: ? - help, Shift-Dir - straight line, f/p - shambling mangrove
Aim: a shambling mangrove (severely damaged)
The spray of energy hits the shambling mangrove.
The shambling mangrove is almost destroyed.
You are engulfed in ghostly flame.
* * * LOW HITPOINT WARNING * * *
The shambling mangrove hits you!!
You die...

♣)♣.▓.▓.▓.▓.▓.▓.▓'
♣.♣.▓.▓.▓.▓.▓.▓.▓.
♣.♣.▓.▓.▓.▓.▓.▓.▓.
▓=▓.▓.▓.▓.▓.▓.▓.▓.
▓.▓.▓.▓.▓'▓.▓.▓.▓.
▓.▓.▓.▓.▓.▓.▓.▓.▓.
▓n▓.▓.▓.▓.▓.▓.▓.▓'
▓f▓.▓.▓.▓.▓.▓.▓.▓.
▓@▓.▓'▓.▓.▓.▓.▓.▓.
▓§▓.▓.▓.▓.▓.▓.▓.▓.
▓§▓.▓.▓.▓.▓.▓'▓.▓.
▓.▓.▓.▓.▓.▓.▓.▓.▓.
▓§▓.▓.▓.▓.▓.▓.▓.▓'
▓§▓.▓.▓.▓.▓.▓.▓.▓.
▓§▓.▓.▓.▓.▓.▓.▓.▓.
▓.▓.▓.▓.▓.▓.▓.▓.▓.
▓§▓.▓.▓.▓.▓.▓.▓.▓.


You could see a shambling mangrove and a bog body.

Vanquished Creatures
  A very ugly thing (D)
  2 stone giants (D)
  A ghost crab (D)
  6 ogre magi (D)
  A hydra (D)
  A centaur warrior (D)
  Urug (D)
  A deep troll (D)
  A shambling mangrove (D)
  7 hill giants (D)
  An orc knight (D)
  A griffon (D)
  Maurice (D)
  A torpor snail (D)
  2 spiny frogs (D)
  An efreet (D)
  A tengu conjurer (D)
  A komodo dragon (D)
  3 trolls (D)
  A fire drake (D)
  4 polar bears (D)
  2 slime creatures (D)
  A shadow (D)
  A deep elf mage (D)
  3 porcupines (D)
  4 water moccasins (D)
  An ice beast (D)
  13 orc warriors (D)
  4 black bears (D)
  A crocodile (D)
  2 centaurs (D)
  3 giant frogs (D)
  4 orc priests (D)
  A jelly (D)
  3 iguanas (D)
  An orc wizard (D)
  2 hounds (D)
  A shadow imp (D)
  An adder zombie (D)
  5 orcs (D)
  A ball python (D)
  2 hobgoblins (D)
  A jackal (D)
  2 kobolds (D)
  A quokka (D)
  A giant gecko zombie (D)
  2 goblins (D)
  A rat (D)
  A spectral ball python (D)
104 creatures vanquished.

Vanquished Creatures (collateral kills)
  A gargoyle (D)
  An insubstantial wisp (D)
2 creatures vanquished.

Vanquished Creatures (others)
  A death yak (D)
  A spriggan druid (D)
  An air elemental (D)
  A water moccasin (D)
  An earth elemental (D)
5 creatures vanquished.

Grand Total: 111 creatures vanquished

Notes
Turn   | Place    | Note
--------------------------------------------------------------
     0 | D        | BluebellGnoll, the Spriggan Enchanter, began the quest for the Orb.
     0 | D        | Reached XP level 1. HP: 9/9 MP: 4/4
     8 | D        | Reached skill level 5 in Stealth
    12 | D        | Reached skill level 6 in Stealth
    33 | D        | Reached skill level 7 in Stealth
   301 | D        | Reached XP level 2. HP: 13/13 MP: 3/7
   314 | D        | Reached skill level 8 in Stealth
   345 | D        | Learned a level 2 spell: Ensorcelled Hibernation
   345 | D        | Found a glowing silver altar of Zin.
   345 | D        | Found a glowing golden altar of the Shining One.
   345 | D        | Found an ancient bone altar of Kikubaaqudgha.
   345 | D        | Found a basalt altar of Yredelemnul.
   345 | D        | Found a shimmering altar of Xom.
   345 | D        | Found a radiant altar of Vehumet.
   345 | D        | Found an iron altar of Okawaru.
   346 | D        | Found a burning altar of Makhleb.
   347 | D        | Found a deep blue altar of Sif Muna.
   348 | D        | Found a bloodstained altar of Trog.
   349 | D        | Found a sparkling altar of Nemelex Xobeh.
   350 | D        | Found a white marble altar of Elyvilon.
   351 | D        | Found a roughly hewn altar of Beogh.
   352 | D        | Found a viscous altar of Jiyva.
   353 | D        | Found a corrupted altar of Lugonu.
   354 | D        | Found a blossoming altar of Fedhas.
   355 | D        | Found a snail-covered altar of Cheibriados.
   356 | D        | Found a shadowy altar of Dithmenos.
   361 | D        | Became a worshipper of Vehumet
   366 | D        | Found a stormy altar of Qazlal.
   367 | D        | Found an opulent altar of Gozag.
   368 | D        | Found a sacrificial altar of Ru.
   424 | D        | Noticed a centaur
   424 | D        | Noticed an ice beast
   424 | D        | Noticed a hound
   424 | D        | Noticed a hill giant
   424 | D        | Noticed a water moccasin
   426 | D        | Killed a water moccasin
   426 | D        | Reached skill level 14 in Stealth
   426 | D        | Reached XP level 3. HP: 16/16 MP: 9/9
   426 | D        | Reached XP level 4. HP: 21/21 MP: 12/12
   427 | D        | Killed a hound
   427 | D        | Reached skill level 15 in Stealth
   427 | D        | Reached XP level 5. HP: 24/24 MP: 14/14
   427 | D        | Acquired Vehumet's first power
   427 | D        | Offered knowledge of Shock by Vehumet.
   460 | D        | Learned a level 3 spell: Confuse
   463 | D        | Learned a level 2 spell: Sure Blade
   475 | D        | Killed a hill giant
   475 | D        | Reached XP level 6. HP: 28/28 MP: 3/27
   475 | D        | Reached XP level 7. HP: 32/32 MP: 3/29
   485 | D        | Killed an ice beast
   485 | D        | Reached skill level 10 in Hexes
   633 | D        | Killed a centaur
   633 | D        | Offered knowledge of Throw Flame by Vehumet.
   665 | D        | Learned a level 3 spell: Dazzling Spray
   670 | D        | Learned a level 4 spell: Enslavement
   670 | D        | Noticed a giant frog
   670 | D        | Noticed a tengu conjurer
   670 | D        | Noticed a jelly
   670 | D        | Noticed a hill giant
   683 | D        | Killed a hill giant
   683 | D        | Reached skill level 5 in Short Blades
   683 | D        | Reached XP level 8. HP: 36/36 MP: 28/31
   692 | D        | Killed a jelly
   693 | D        | Acquired Vehumet's second power
   696 | D        | Killed a tengu conjurer
   696 | D        | Reached skill level 10 in Dodging
   698 | D        | Killed a giant frog
   813 | D        | Noticed a giant frog
   813 | D        | Noticed a hound
   813 | D        | Noticed an iguana
   813 | D        | Noticed a water moccasin
   813 | D        | Noticed an iguana
   813 | D        | Noticed a porcupine
   813 | D        | Noticed an iguana
   814 | D        | Noticed a komodo dragon
   815 | D        | Killed an iguana
   818 | D        | Killed a porcupine
   819 | D        | Noticed a water moccasin
   820 | D        | Killed an iguana
   820 | D        | Acquired Vehumet's third power
   823 | D        | Killed a water moccasin
   825 | D        | Killed an iguana
   825 | D        | Reached skill level 16 in Stealth
   829 | D        | Killed a hound
   831 | D        | Killed a giant frog
   850 | D        | Killed a komodo dragon
   850 | D        | Reached skill level 17 in Stealth
   850 | D        | Reached XP level 9. HP: 36/39 MP: 16/32
   857 | D        | Killed a water moccasin
   881 | D        | Noticed an eight-headed hydra
   881 | D        | Noticed a water moccasin
   881 | D        | Noticed a fire drake
   881 | D        | Noticed a death yak
   881 | D        | Noticed a spiny frog
   881 | D        | Noticed a crocodile
   881 | D        | Noticed a porcupine
   882 | D        | Noticed a griffon
   883 | D        | Killed a porcupine
   884 | D        | Noticed a porcupine
   885 | D        | Killed a crocodile
   885 | D        | Reached skill level 18 in Stealth
   887 | D        | Killed a spiny frog
   925 | D        | Killed a fire drake
   925 | D        | Offered knowledge of Mephitic Cloud by Vehumet.
   925 | D        | Reached skill level 19 in Stealth
   930 | D        | Learned a level 3 spell: Mephitic Cloud
   930 | D        | Killed a water moccasin
   930 | D        | Offered knowledge of Airstrike by Vehumet.
   944 | D        | Killed an eight-headed hydra
   950 | D        | Killed a griffon
   950 | D        | Reached skill level 20 in Stealth
   954 | D        | Killed a death yak
  1028 | D        | Killed a porcupine
  1028 | D        | Reached XP level 10. HP: 44/44 MP: 31/33
  1041 | D        | Noticed a polar bear
  1041 | D        | Noticed a polar bear
  1041 | D        | Noticed a black bear
  1041 | D        | Noticed a polar bear
  1041 | D        | Noticed a black bear
  1041 | D        | Noticed a black bear
  1041 | D        | Noticed a black bear
  1042 | D        | Noticed a polar bear
  1043 | D        | Killed a black bear
  1043 | D        | Reached skill level 1 in Fighting
  1045 | D        | Killed a black bear
  1049 | D        | Killed a black bear
  1052 | D        | Killed a polar bear
  1065 | D        | Killed a polar bear
  1065 | D        | Reached skill level 5 in Fighting
  1077 | D        | Killed a black bear
  1336 | D        | Killed a polar bear
  1336 | D        | Offered knowledge of Ignite Poison by Vehumet.
  1350 | D        | Killed a polar bear
  1390 | D        | Noticed Maurice
  1398 | D        | Killed Maurice
  1398 | D        | Reached skill level 15 in Dodging
  1471 | D        | Noticed an orc priest
  1471 | D        | Noticed a stone giant
  1471 | D        | Noticed an orc priest
  1471 | D        | Noticed an orc warrior
  1472 | D        | Noticed an orc wizard
  1475 | D        | Noticed an orc warrior
  1493 | D        | Killed an orc priest
  1512 | D        | Killed an orc warrior
  1533 | D        | Killed an orc warrior
  1536 | D        | Killed an orc priest
  1550 | D        | Killed a stone giant
  1554 | D        | Noticed an orc priest
  1555 | D        | Killed an orc wizard
  1556 | D        | Noticed an orc priest
  1571 | D        | Offered knowledge of Poison Arrow by Vehumet.
  1587 | D        | Killed an orc priest
  1608 | D        | Killed an orc priest
  1650 | D        | Noticed an orc warrior
  1650 | D        | Noticed an orc warrior
  1650 | D        | Noticed an orc warrior
  1650 | D        | Noticed an orc knight
  1650 | D        | Noticed an orc warrior
  1650 | D        | Noticed an orc warrior
  1650 | D        | Noticed an orc warrior
  1658 | D        | Killed an orc warrior
  1673 | D        | Killed an orc warrior
  1679 | D        | Killed an orc knight
  1683 | D        | Killed an orc warrior
  1687 | D        | Noticed an orc warrior
  1687 | D        | Killed an orc warrior
  1689 | D        | Killed an orc warrior
  1694 | D        | Killed an orc warrior
  1698 | D        | Killed an orc warrior
  1704 | D        | Noticed an orc warrior
  1711 | D        | Killed an orc warrior
  1718 | D        | Noticed an orc warrior
  1719 | D        | Noticed an orc warrior
  1723 | D        | Noticed an orc warrior
  1729 | D        | Killed an orc warrior
  1743 | D        | Killed an orc warrior
  1743 | D        | Reached XP level 11. HP: 58/58 MP: 28/34
  1746 | D        | Killed an orc warrior
  1779 | D        | Found Iblouk's Antique Weapon Boutique.
  1779 | D        | Noticed a hill giant
  1779 | D        | Noticed an ogre mage
  1779 | D        | Noticed a troll
  1779 | D        | Noticed a hill giant
  1779 | D        | Noticed a hill giant
  1779 | D        | Noticed an ogre mage
  1781 | D        | Noticed a deep troll
  1783 | D        | Killed an ogre mage
  1783 | D        | Offered knowledge of Lightning Bolt by Vehumet.
  1805 | D        | Learned a level 5 spell: Lightning Bolt
  1810 | D        | Killed a hill giant
  1810 | D        | Reached skill level 21 in Dodging
  1820 | D        | Killed a hill giant
  1825 | D        | Killed a troll
  1841 | D        | Killed an ogre mage
  1841 | D        | Reached skill level 22 in Dodging
  1844 | D        | Killed a hill giant
  1847 | D        | Killed a deep troll
  1847 | D        | Reached skill level 23 in Dodging
  1883 | D        | Found Huseloh's Gadget Shop.
  1891 | D        | Found Astihust's Armour Boutique.
  1893 | D        | Noticed an ogre mage
  1894 | D        | Found Eniecast's Assorted Antiques.
  1895 | D        | Noticed a hill giant
  1896 | D        | Noticed an ogre mage
  1897 | D        | Noticed a stone giant
  1898 | D        | Noticed a troll
  1899 | D        | Noticed a troll
  1914 | D        | Killed an ogre mage
  1966 | D        | Killed an ogre mage
  1966 | D        | Offered knowledge of Irradiate by Vehumet.
  1966 | D        | Reached skill level 24 in Dodging
  2050 | D        | Killed a stone giant
  2059 | D        | Killed a hill giant
  2064 | D        | Killed a troll
  2103 | D        | Killed a troll
  2103 | D        | Reached skill level 25 in Dodging
  2141 | D        | Bought a fan of gales for 480 gold pieces
  2145 | D        | Bought a scroll of identify for 56 gold pieces
  2145 | D        | Bought a bone ring for 140 gold pieces
  2145 | D        | Bought 2 amethyst potions for 50 gold pieces
  2145 | D        | Bought a potion of haste for 280 gold pieces
  2176 | D        | Bought a slimy hand crossbow for 178 gold pieces
  2176 | D        | Bought a transparent flail for 178 gold pieces
  2176 | D        | Identified the +8 hand crossbow of the Red Skies {velocity, rF+ MR+ Str-2 Dex+7 Stlth-} (You bought it in a shop in the Dungeon)
  2177 | D        | Identified the +4 flail of Exquisite Death {speed, rElec} (You bought it in a shop in the Dungeon)
  2179 | D        | Bought a scorched shortbow for 168 gold pieces
  2179 | D        | Identified the +5 shortbow "Impbane" {venom, rElec rC+ MR++ Dex-5} (You bought it in a shop in the Dungeon)
  2236 | D        | Noticed Urug
  2250 | D        | Killed Urug
  2306 | D        | Got the +2 robe of the Hall of Blades {Int+4 Slay+5}
  2367 | D        | Noticed a centaur warrior
  2367 | D        | Noticed a centaur
  2367 | D        | Noticed a slime creature
  2367 | D        | Noticed an efreet
  2367 | D        | Noticed a gargoyle
  2367 | D        | Noticed a shadow
  2367 | D        | Noticed a giant frog
  2368 | D        | Noticed a deep elf mage
  2369 | D        | Killed a giant frog
  2370 | D        | Noticed an ogre mage
  2371 | D        | Killed a shadow
  2371 | D        | Reached skill level 1 in Air Magic
  2384 | D        | Killed a gargoyle
  2394 | D        | Noticed a cyan very ugly thing
  2395 | D        | Killed a slime creature
  2396 | D        | Killed an efreet
  2398 | D        | Noticed a hill giant
  2399 | D        | Killed a centaur warrior
  2399 | D        | Offered knowledge of Bolt of Fire by Vehumet.
  2400 | D        | Noticed an ogre mage
  2429 | D        | Learned a level 6 spell: Bolt of Fire
  2431 | D        | Killed a centaur
  2443 | D        | Killed a deep elf mage
  2443 | D        | Reached XP level 12. HP: 62/62 MP: 29/35
  2447 | D        | Killed an ogre mage
  2457 | D        | Killed a hill giant
  2457 | D        | Reached skill level 5 in Air Magic
  2458 | D        | Killed a cyan very ugly thing
  2458 | D        | Reached skill level 10 in Short Blades
  2480 | D        | Killed an ogre mage
  2480 | D        | Offered knowledge of Poisonous Cloud by Vehumet.
  2489 | D        | Noticed a torpor snail
  2494 | D        | Learned a level 6 spell: Poisonous Cloud
  2497 | D        | Noticed a slime creature
  2498 | D        | Noticed a slime creature
  2508 | D        | Killed a torpor snail
  2516 | D        | Killed a large slime creature
  2974 | D        | Noticed a shambling mangrove
  2974 | D        | Noticed a water moccasin
  2974 | D        | Noticed a ghost crab
  2974 | D        | Noticed a spriggan druid
  2974 | D        | Noticed a spiny frog
  2974 | D        | Noticed an insubstantial wisp
  2974 | D        | Noticed a shambling mangrove
  2975 | D        | Noticed a bog body
  2976 | D        | Killed a shambling mangrove
  2981 | D        | Killed a water moccasin
  2982 | D        | Killed an insubstantial wisp
  2985 | D        | Killed a spriggan druid
  3012 | D        | Killed a spiny frog
  3033 | D        | Killed a ghost crab
  3038 | D        | Annihilated by a shambling mangrove

Action                   |  1- 3 |  4- 6 |  7- 9 | 10-12 || total
-------------------------+-------+-------+-------+-------++-------
Melee: Dagger            |    39 |       |       |       ||    39
       Rapier            |     1 |     3 |    36 |   116 ||   156
Throw: Stone             |       |       |       |     2 ||     2
 Cast: Corona            |    11 |       |       |       ||    11
       Confuse           |       |     4 |     7 |    52 ||    63
       Ensorcelled Hiber |       |     1 |    17 |    29 ||    47
       Dazzling Spray    |       |       |     3 |     6 ||     9
       Sure Blade        |       |       |       |     2 ||     2
       Mephitic Cloud    |       |       |       |     2 ||     2
Evoke: Wand              |       |     1 |       |     1 ||     2
       Stone of tremors  |       |       |       |     2 ||     2
       Fan of gales      |       |       |       |     1 ||     1
  Use: Potion            |     1 |       |       |     2 ||     3
       Scroll            |       |       |     2 |     2 ||     4
 Stab: Sleeping          |     1 |     1 |    16 |    26 ||    44
       Confused          |       |       |     4 |    25 ||    29
       Invisible         |       |       |     1 |     1 ||     2
       Distracted        |       |       |       |     1 ||     1
  Eat: Fruit             |       |       |       |     8 ||     8
